Unix NetHack Version 3.7.0-88 Work-in-progress - last build Aug 21 2023 04:08:40 (b68ccb3e4f8f5dcb83e1e40b1ff56e7dffd4cd28,branch:master). Game began 2023-09-06 12:33:03, ended 2023-09-18 12:13:09. Merlek, lawful female human Valkyrie ----------- .%..%.(.. . .. -...----|----...... ....-- %.. --..... . ----%..- ...%. --........ ----- ...%.... %.... |......... ----- ...| ...----- . ... -------... |... ---------..-- -%-- ...%. --.-- --.)--------- |....$).|...-- .(.. -----|----- ..... --...|.......| |.....)%|55%5---.%.... ---...%%%...--- ......---%%/.|.......| |..@@%%.%%%%%.%% ... |.............| ......-%...%%%.._..)| |......A|.5.)---. .. |. ----)---- .| ...---.)..|..%....| |.......|...-- | |.......| | --...|.......| ---------..-- |.......| --%%--------- ...| |..._...| |... ----- |....)..| ----- |.......| --------- Merlek the Swashbuckler St:25 Dx:15 Co:18 In:12 Wi:18 Ch:14 Lawful Astral Plane $:0 HP:337(337) Pw:33(34) AC:-38 Xp:18/1335211 T:47531 Latest messages: The Angel of Moloch swings her long sword at the Angel of Odin. The Angel of Moloch hits the Angel of Odin. The Angel of Moloch misses the Angel of Odin. What do you want to drink? [v or ?*] You feel completely healed. Your movements are now unencumbered. "Come here often?" What do you want to use or apply? [fhiklo-qsxD-FIMNQRVXZ or ?*] You have a little trouble removing 4 blessed potions of full healing. Continue? [ynq] (q) You have a little trouble removing y - 4 blessed potions of full healing. Your movements are slowed slightly because of your load. What do you want to drink? [y or ?*] You feel completely healed. The Angel of Odin picks up a greased elven dagger. "Look! Thy bootlace is undone!" The high priestess of Tyr swings her mace. The high priestess of Tyr hits! The high priestess of Tyr kicks! The air crackles around the high priestess of Tyr. The high priestess of Tyr points all around, then curses. What do you want to drink? [y or ?*] You feel completely healed. The Angel of Odin picks up a spear. "Mercy! Dost thou wish me to die of laughter?" What do you want to drink? [y or ?*] You feel completely healed. Your movements are now unencumbered. The Angel of Odin picks up a potion of paralysis. Pestilence's corpse disappears in a churning pillar of flies! What do you want to drink? [y or ?*] You feel completely healed. The Angel of Odin swings his long sword at the high priestess of Tyr. The Angel of Odin hits the high priestess of Tyr. The Angel of Odin swings his long sword at the high priestess of Tyr. The Angel of Odin hits the high priestess of Tyr. The Angel of Odin hits the high priestess of Tyr. The high priestess of Tyr swings her mace at the Angel of Odin. The high priestess of Tyr hits the Angel of Odin. The Angel of Odin is killed! You hit it. You hit it. You kill it! # What do you want to sacrifice? [w or ?*] You offer the Amulet of Yendor to Tyr... An invisible choir sings, and you are bathed in radiance... The voice of Tyr booms: "Mortal, thou hast done well!" "In return for thy service, I grant thee the gift of Immortality!" You ascend to the status of Demigoddess... Do you want your possessions identified? [ynq] (n) Inventory: Amulets A - an uncursed amulet of life saving (being worn) O - an uncursed amulet of life saving Weapons a - the blessed +7 Grayswandir (wielded in right hand) b - a blessed +7 silver saber (wielded in left hand) Armor H - a blessed burnt +6 elven leather helm (being worn) G - a blessed rustproof +4 pair of gauntlets of power (being worn) d - a blessed fireproof +4 pair of speed boots (being worn) U - a blessed fireproof +5 cloak of magic resistance (being worn) t - a blessed +4 Hawaiian shirt with a tropical fish motif (being worn) L - a blessed +4 silver dragon scale mail (being worn) Rings S - an uncursed ring of conflict (on left hand) z - an uncursed ring of free action (on right hand) Wands M - an uncursed wand of cancellation (0:5) q - an uncursed wand of death (0:3) E - an uncursed wand of death (0:0) V - an uncursed wand of digging (0:4) o - an uncursed wand of magic missile (0:5) p - an uncursed wand of secret door detection (0:11) D - an uncursed wand of striking (0:6) N - an uncursed wand of teleportation (0:2) Tools I - a blessed bag of holding containing 68 items Z - an empty blessed oilskin sack f - an uncursed bugle F - an uncursed drum of earthquake (0:3) Q - the uncursed Bell of Opening (0:2) l - an uncursed brass lantern i - the uncursed Candelabrum of Invocation (0 of 7 candles attached) R - the uncursed Orb of Fate (0:4) x - an uncursed +0 pick-axe named gen Lh;e k - an uncursed skeleton key named tele cold fire shock poison sleep s - an uncursed stethoscope X - a blessed towel named prot 9 h - a blessed +0 unicorn horn Contents of the bag of holding: an uncursed amulet of life saving an uncursed amulet of life saving an uncursed amulet of unchanging 8 blessed +1 elven daggers an uncursed -1 pair of levitation boots an uncursed +0 pair of water walking boots an uncursed +0 mummy wrapping an uncursed clove of garlic 5 uncursed K-rations an uncursed lembas wafer 3 uncursed lumps of royal jelly an uncursed sprig of wolfsbane 2 uncursed lizard corpses 13 blessed scrolls of blank paper 10 uncursed scrolls of blank paper a cursed scroll of blank paper 3 blessed scrolls of charging an uncursed scroll of enchant armor an uncursed scroll of enchant weapon an uncursed scroll of enchant weapon 6 blessed scrolls of genocide 2 blessed scrolls of identify an uncursed scroll of identify an uncursed scroll of identify 2 blessed scrolls of magic mapping 2 blessed scrolls of remove curse an uncursed scroll of scare monster an uncursed scroll of scare monster 2 blessed scrolls of taming a blessed scroll of teleportation 2 cursed scrolls of teleportation 2 uncursed scrolls of teleportation a blessed potion of enlightenment 2 blessed potions of full healing a blessed potion of levitation an uncursed potion of object detection 2 uncursed potions of paralysis a blessed potion of speed 9 potions of holy water a potion of unholy water an uncursed ring of levitation an uncursed ring of levitation an uncursed ring of polymorph control an uncursed ring of polymorph control an uncursed ring of slow digestion an uncursed ring of teleport control an uncursed ring of teleport control an uncursed wand of cold (0:8) an uncursed wand of cold (0:5) an uncursed wand of death (1:1) an uncursed wand of digging (0:8) an uncursed wand of digging (0:8) an uncursed wand of fire (0:5) an uncursed wand of lightning (0:8) an uncursed wand of magic missile (0:8) an uncursed wand of polymorph (1:0) an uncursed wand of probing (0:8) an uncursed wand of sleep (0:6) an uncursed wand of speed monster (0:6) an uncursed wand of speed monster (0:6) an uncursed wand of striking (0:4) an uncursed wand of striking (0:0) an uncursed wand of teleportation (0:2) an uncursed wand of teleportation (0:2) an uncursed wand of teleportation (0:2) an uncursed wand of wishing (0:2) an uncursed magic marker (0:12) an uncursed magic whistle Merlek the Valkyrie's attributes: Background: You were a Swashbuckler, a level 18 human Valkyrie. You were lawful, on a mission for Tyr who was opposed by Odin (neutral) and Loki (chaotic). You were in the endgame, on the Astral Plane. You entered the dungeon 47531 turns ago. You had 1335211 experience points, 1224789 more were needed for level 19. Basics: You had all 337 hit points. You had 33 out of 34 energy points (spell power). Your armor class was -38. Your wallet was empty. Autopickup was on for '"?!=/' plus thrown, with exceptions. Final Characteristics: Your strength was 25 (base:18/04, innate limit:18/100). Your dexterity was 15 (peak:17, limit:18). Your constitution was 18 (limit:18). Your intelligence was 12 (limit:18). Your wisdom was 18 (limit:18). Your charisma was 14 (limit:18). Final Status: You were not hungry. You were unencumbered. You were wielding two weapons at once. Your two weapon skill was limited by being basic with saber. Final Attributes: You were piously aligned. You were magic-protected. You were fire resistant. You were cold resistant. You were sleep resistant. You were shock resistant. You were poison resistant. You resisted hallucinations. You were telepathic. You were warned. You were stealthy. You aggravated monsters. You caused conflict. You had a moderate defense bonus (+9). You were warded. You took half physical damage. You took half spell damage. You were very fast. You had reflection. You had free action. Your life would have been saved. You were extremely lucky. You had extra luck. Bad luck did not time out for you. Good luck did not time out for you. You survived. Miscellaneous: You encountered 1 bones level. Total elapsed playing time was 11 hours, 13 minutes and 30 seconds. Major events: Turn 1: Merlek the lawful human Valkyrie entered the dungeon 938: attained the rank of Skirmisher (level 3) 1560: entered the Gnomish Mines 2395: attained the rank of Fighter (level 6) 3182: reached Mine Town 4092: made her first wish - "blessed greased fixed +2 gray dragon scale mail", got "a greased gray dragon scale mail" 4301: entered Sokoban 6151: completed 1st Sokoban level 6561: completed 2nd Sokoban level 6843: completed 3rd Sokoban level 7533: completed 4th Sokoban level 7885: acquired the Sokoban bag of holding 9123: attained the rank of Woman-at-arms (level 10) 9603: acquired the Mines' End luckstone 12642: was bestowed with Mjollnir by Tyr 13333: entered the Bigroom 18424: performed her first genocide (class L) 18784: wished for "2 blessed scrolls of charging", got "2 scrolls labeled STRC PRST SKRZ KRK" 18791: wished for "blessed greased fixed +2 gauntlets of power", got "a greased pair of padded gloves" 19004: killed Medusa 19091: made her first artifact wish - "blessed greased +2 Grayswandir", got "a greased silver saber named Grayswandir" 19286: entered Gehennom 20222: wished for "blessed fixed +2 shield of reflection", got "a polished silver shield" 29163: attained the rank of Warrior (level 14) 29785: found the Orb of Fate on the floor 29809: killed Lord Surtur 29811: acquired the Bell of Opening 31458: bribed Asmodeus with 6 zorkmids for safe passage 31855: genocided class h 31856: genocided class ; 31856: genocided class e 32185: wished for "marker", got "a magic marker" 32683: killed the invisible Orcus 33279: destroyed Vlad the Impaler 33280: acquired the Candelabrum of Invocation 33660: bribed Baalzebub with 22 zorkmids for safe passage 33914: killed Juiblex 35191: genocided class R 38736: genocided class P 39224: wished for "marker", got "a magic marker" 39286: wished for "blessed fixed greased +2 cloak of magic resistance", got "a greased piece of cloth" 44470: killed the Wizard of Yendor 44471: acquired the Book of the Dead 44653: performed the invocation 44719: killed the Wizard of Yendor (2nd time) 45010: killed the high priestess of Moloch 45013: acquired The Amulet of Yendor 45144: killed the Wizard of Yendor (3rd time) 45682: attained the rank of Swashbuckler (level 18) 46153: killed the Wizard of Yendor (5th time) 47184: entered the Elemental Planes 47184: entered Plane of Earth 47219: entered Plane of Air 47270: entered Plane of Fire 47277: entered Plane of Water 47341: entered the Astral Plane 47352: killed the invisible Pestilence 47368: killed the invisible Pestilence (2nd time) 47388: killed Death 47407: killed Death (2nd time) 47429: killed Famine 47459: genocided class a 47463: Famine has been killed (2nd time) 47466: the invisible Pestilence has been killed (3rd time) 47467: genocided class V 47479: killed Famine (3rd time) 47498: killed the invisible Pestilence (5th time) 47507: killed Famine (5th time) 47531: ascended Vanquished creatures: Orcus Juiblex the Wizard of Yendor (8 times) Death (twice) Pestilence (7 times) Famine (6 times) Vlad the Impaler a high cleric a mastodon Medusa 5 iron golems 8 storm giants 2 titans a glass golem 6 balrogs 10 purple worms 3 gray dragons a gold dragon 6 silver dragons 7 red dragons 5 white dragons 6 orange dragons 3 black dragons 5 blue dragons 3 green dragons 3 yellow dragons 21 minotaurs 7 jabberwocks Lord Surtur 15 baluchitheria 7 Angels 8 stone golems a master mind flayer 27 Olog-hai 3 Nazgul 5 pit fiends 2 sandestins 4 hell hounds 5 displacer beasts 5 titanotheres 4 trappers 2 guardian nagas 2 genetic engineers 3 disenchanters 29 vampire leaders 4 skeletons 22 aligned clerics 4 captains 6 shades 4 liches 3 clay golems 12 nurses 7 ice devils 2 nalfeshnees 6 lurkers above an Aleax 2 frost giants 10 ettins a golden naga 2 black puddings 30 vampires 9 lieutenants 35 ghosts an archeologist a cave dweller a tourist 2 queen bees 6 winged gargoyles 3 mind flayers 9 giant mimics 6 long worms 9 zruties 27 fire giants 12 ogre tyrants 2 ice trolls 15 rock trolls 9 umber hulks 3 flesh golems 7 elven monarchs 4 doppelgangers 11 hezrous 10 bone devils 8 large mimics 2 wumpuses 2 fire vortices a couatl 14 stalkers 12 air elementals 6 fire elementals 4 earth elementals 13 water elementals 6 hill giants 8 giant mummies 5 xorns 23 giant zombies 14 elf-nobles 10 sergeants 2 water demons 5 barbed devils 6 vrocks 2 salamanders 14 wargs 2 winter wolves 2 hell hound pups 17 small mimics a glass piercer 8 warhorses 8 steam vortices 16 xans 4 ettin mummies 12 ogre leaders 12 quantum mechanics 17 trolls a sasquatch 5 wood golems 3 erinyes 7 mariliths 4 sharks 6 electric eels 9 gelatinous cubes 5 pyrolisks 3 large dogs 2 flaming spheres 2 shocking spheres 3 large cats 8 tigers 7 gargoyles 3 dwarf rulers 2 tengu 9 ochre jellies 7 leocrottas 8 energy vortices 6 mountain centaurs 6 stone giants 4 elf mummies 3 human mummies 4 red nagas 5 green slimes 3 pythons 15 pit vipers 10 cobras 45 wraiths a carnivorous ape 11 ettin zombies 3 leather golems 30 Grey-elves 49 soldiers 6 amorous demons 6 horned devils 9 chameleons 5 crocodiles 45 giant beetles 6 quivering blobs 25 cockatrices 15 wolves 10 winter wolf cubs 3 panthers 6 gremlins 17 leprechauns 3 orc-captains 2 iron piercers 5 mumakil 10 giant spiders 8 scorpions 8 horses 3 ice vortices 15 black lights 12 vampire bats 8 forest centaurs 4 gnome rulers 4 orc mummies 5 dwarf mummies 9 ogres 14 brown puddings 7 rust monsters 14 owlbears 12 yetis 10 gold golems 3 werewolves 26 Green-elves 4 giant eels 17 lizards 10 chickatrices 4 dingoes 5 dogs 4 housecats 4 jaguars a dwarf leader 10 blue jellies 6 gray unicorns 4 black unicorns 8 dust vortices 13 ravens 6 plains centaurs 5 gnome mummies 7 snakes 13 apes 21 human zombies 8 rope golems 20 Woodland-elves 21 soldier ants 65 fire ants 19 bugbears 3 imps 14 lemures 8 quasits 7 wood nymphs 8 water nymphs 5 mountain nymphs 4 Mordor orcs 3 Uruk-hai 5 orc shamans 3 rock piercers 5 rock moles 2 ponies 6 fog clouds 9 yellow lights 2 shriekers 5 violet fungi 29 gnome leaders 14 gnomish wizards a kobold mummy a black naga hatchling 9 gray oozes 4 barrow wights 20 elf zombies 12 ghouls 2 straw golems 3 paper golems 3 jellyfish 43 giant ants 3 little dogs 9 floating eyes 3 kittens 11 dwarves 4 homunculi 4 kobold leaders 2 kobold shamans 13 hill orcs 22 rothes 3 rabid rats 6 centipedes a giant bat a monkey 18 orc zombies 21 dwarf zombies a wererat 11 iguanas 54 killer bees 8 acid blobs 4 coyotes 3 gas spores 6 hobbits 21 manes 4 large kobolds 22 hobgoblins 4 giant rats 10 cave spiders 3 brown molds 5 yellow molds 3 green molds 2 red molds 71 gnomes 22 garter snakes 13 gnome zombies 6 geckos 8 jackals 2 foxes 7 kobolds 9 goblins 6 sewer rats 14 grid bugs 5 lichens 13 kobold zombies 12 newts 2407 creatures vanquished. Genocided or extinct species: arch-liches krakens master liches demiliches master mind flayers disenchanters vampire leaders liches black puddings vampires queen bees mind flayers erinyes (extinct) sharks electric eels freezing spheres flaming spheres shocking spheres dwarf rulers green slimes giant beetles brown puddings rust monsters piranha giant eels dwarf leaders soldier ants fire ants bugbears gray oozes jellyfish giant ants floating eyes dwarves killer bees gas spores hobbits 36 species genocided. 1 species extinct. Voluntary challenges: You read items or engraved 176 times. You never engraved Elbereth. You genocided 36 types of monsters. You never changed form. You used 8 wishes (1 for an artifact). You violated the special Sokoban rules twice. Achievements: You entered a shop. You attained the rank of Skirmisher. You entered the Gnomish Mines. You attained the rank of Fighter. You entered Minetown. You entered a temple. You entered Sokoban. You completed Sokoban. You attained the rank of Woman-at-arms. You completed the Gnomish Mines. You entered the Big Room. You defeated Medusa. You entered Gehennom. You attained the rank of Warrior. You had the Bell of Opening. You had the Candelabrum of Invocation. You handled the Book of the Dead. You gained access to Moloch's Sanctum. You attained the rank of Swashbuckler. You reached the Elemental Planes. You reached the Astral Plane. You delivered the Amulet of Yendor. You ascended! The Elemental Planes: Astral Plane: <- You are here. Many temples. Plane of Water: Plane of Fire: Plane of Air: Plane of Earth: The Dungeons of Doom: levels 1 to 29 Level 1: One way stairs up to The Elemental Planes. Level 2: A shop, a sink. Level 3: "vault - cleared" A general store, an altar to Tyr, a grave. Level 4: An altar to Tyr, a sink. Stairs down to The Gnomish Mines. Level 5: Many fountains. Oracle of Delphi. Level 6: "vault - cleared" A throne. Stairs up to Sokoban, level 5. Level 7: "vault - cleared" A general store, an altar to Tyr, a sink. Level 8: "vault - cleared" A fountain. Level 9: "vault - cleared" A fountain. Level 10: "vault - cleared" A general store. Level 11: A fountain. Level 12: A very big room. Portal to The Quest. Level 13: A fountain. Level 14: A fountain. Level 15: A fountain. Level 16: A primitive area. Level 17: Some fountains. Level 18: Some altars. Level 19: A fountain. Level 20: Level 21: A fountain. Level 22: "vault - cleared" A general store, some fountains, a sink. Level 23: "vault - cleared" Some fountains. Level 24: Level 25: A temple to Tyr. Level 26: An altar. Level 27: Level 28: Level 29: The castle. Connection to Gehennom. Gehennom: levels 30 to 50 Level 30: A temple, many graves. Valley of the Dead. Level 31: Level 32: Level 33: Level 34: Level 35: Final resting place for spontiff-Hea-Gno-Mal-Neu, petrified by a cockatrice. Level 36: Some fountains. Level 37: Level 38: Level 39: Some shops, an altar, some graves. Stairs up to Vlad's Tower, level 38. Level 40: "ORCUS ABOVE" Level 41: Level 42: Level 43: Level 44: Level 45: "REAL TOWER" Level 46: Level 47: Level 48: Level 49: Level 50: A temple, many graves. Moloch's Sanctum. The Gnomish Mines: levels 5 to 13 Level 5: "saddle" Level 6: Level 7: "boh" Level 8: "ANGRY WATCH!!!" Many shops, a temple, many fountains. Level 9: Level 10: Level 11: Level 12: Level 13: The Quest: levels 1 to 5 Level 1: A fountain. Completed quest for the Norn. Level 2: Level 3: Level 4: Level 5: Sokoban: levels 5 up to 2 Level 2: Solved. Level 3: Solved. Level 4: Solved. Level 5: Solved. Vlad's Tower: levels 38 up to 36 Level 36: A throne. Level 37: Level 38: Farvel Merlek the Demigoddess... You went to your reward with 2951904 points, Grayswandir (worth 8000 zorkmids and 20000 points) The Candelabrum of Invocation (worth 5000 zorkmids and 12500 points) The Bell of Opening (worth 5000 zorkmids and 12500 points) The Orb of Fate (worth 3500 zorkmids and 8750 points) and 0 pieces of gold, after 47531 moves. You were level 18 with a maximum of 337 hit points when you ascended.